Cogmind - Beta 17 @@@ ROGUE MODE // 2026.07.30 @ 06:18:00 Player: ChCbias Result: Destroyed by H-88 Terminator with KE Penetrator Performance ------------- Evolutions (8) 4000 Regions Visited (25) 5000 Robots Destroyed (498) 2490 Value Destroyed (24945) 24945 Prototype IDs (56) 1120 Alien Tech Used (1) 200 Bonus (15972) 15972 TOTAL SCORE: 53727 Bonus ------- Triggered High Security 500 High Alert Combat Kills 6382 Follower Combat Kills 2641 Entered DSFs 500 Network Hubs Disabled 200 Acquired ECA 300 Met Zhirov 300 Built Enhanced Grunts 300 A7 Reached Mainframe 300 Met R17 at Cetus 500 Met R17 at Research 2000 Scanned by Researcher 500 Acquired SGEMP 2000 Friendly Fire -451 Cogmind --------- Core Integrity 0/1450 Matter 138/300 Energy 54/100 System Corruption 38% Temperature Cool (0) Movement Core (50) Location -2/Research Parts ------- > --- POWER (3) -------- (None) > --- PROPULSION (5) --- (None) > --- UTILITY (11) ----- Advanced Signal Interpreter Experimental Targeting Computer Core Analyzer Graphene Brace > --- WEAPON (4) ------- (None) > --- INVENTORY (5) ---- Heavy Laser Warp Gun Heavy Gauss Cannon SGEMP Prototype Peak State ------------ > --- POWER ------------ Particle Reactor Light Quantum Reactor Reinforced Quantum Reactor > --- PROPULSION ------- Advanced Medium Treads Armored Heavy Treads Advanced Heavy Treads > --- UTILITY ---------- Experimental Cooling System High-capacity Storage Unit Long-range Sensor Array Advanced Signal Interpreter Experimental Targeting Computer Advanced Target Analyzer Core Analyzer Advanced Phase Shifter Medium Regenerative Plating Graphene Brace Advanced EM Shield > --- WEAPON ----------- Enhanced Force Rifle Quantum Rifle Advanced KE Penetrator Hypervelocity Multirail > --- INVENTORY -------- Light Antimatter Reactor Armored Medium Treads Armored Medium Treads Armored Medium Treads Advanced Medium Treads SHELL Armor Experimental Focal Shield Advanced Variable Charge Gun Advanced Variable Charge Gun Advanced Variable Charge Gun Warp Gun Enhanced Quantum Rifle Heavy Gauss Cannon Gamma Bomb Array SGEMP Prototype [Rating: 185] Favorites ----------- Power F-cell Engine Engine F-cell Engine Power Core Light Nuclear Core Reactor Particle Reactor Propulsion Light Treads Treads Light Treads Utility High-capacity Storage Unit Device Improved Sensor Array Storage High-capacity Storage Unit Processor Core Analyzer Hackware Experimental Hacking Suite Protection Centrium Medium Armor Plating Weapon Gauss Rifle Energy Gun Arc Projector Energy Cannon Potential Cannon Ballistic Gun Gauss Rifle Ballistic Cannon Heavy Gauss Cannon Launcher Long-range Missile Launcher Slashing Weapon Dual-blade Saw Build | -11 -10 -10 -9 -9 -8 -7 -7 -6 -6 -6 -6 -5 -5 -5 -5 -5 -5 -4 -4 -4 -4 -3 -3 -3 -2 ------- Run | Yrd Mat Min Mat Sto Mat Fac DSF Fac Low Low Zio Pro Fac Ext Cet Arc Hub Fac Upp Upp Zhi Pro Res Tes Res Slots Evolved 16 | . . . 2 . 2 2 . 2 . . . . 2 . . . . 2 . . . . 2 . 2 Power 2 | . . . . . . . . 1 . . . . . . . . . . . . . . . . 1 Propulsion 3 | . . . 1 . . 1 . . . . . . 1 . . . . . . . . . . . . Utility 9 | . . . . . 2 1 . 1 . . . . 1 . . . . 2 . . . . 1 . 1 Weapon 2 | . . . 1 . . . . . . . . . . . . . . . . . . . 1 . . Parts Attached 288 | 6 4 5 13 17 18 3 9 43 7 . 2 . 3 15 7 . 12 15 3 2 3 6 27 32 36 Power 36 | 1 . 3 1 1 . . 1 8 1 . . . . 2 . . 2 1 . . 1 1 3 4 6 Engine 11 | 1 . 3 1 1 . . 1 4 . . . . . . . . . . . . . . . . . Core 8 | . . . . . . . . 3 1 . . . . 2 . . . 1 . . . 1 . . . Reactor 17 | . . . . . . . . 1 . . . . . . . . 2 . . . 1 . 3 4 6 Propulsion 66 | 2 . . 7 7 7 . 1 12 1 . . . 1 4 2 . 3 2 1 . . 3 4 2 7 Treads 66 | 2 . . 7 7 7 . 1 12 1 . . . 1 4 2 . 3 2 1 . . 3 4 2 7 Leg . | . . . . . . . . . . . . . . . . . . . . . . . . . . Wheel . | . . . . . . . . . . . . . . . . . . . . . . . . . . Hover . | . . . . . . . . . . . . . . . . . . . . . . . . . . Flight . | . . . . . . . . . . . . . . . . . . . . . . . . . . Utility 94 | 1 4 . . . 4 3 4 12 2 . 1 . 1 4 2 . 1 8 2 1 2 . 15 13 14 Device 55 | . . . . . 1 2 1 8 1 . 1 . 1 1 1 . . 5 2 1 . . 11 7 12 Storage 7 | 1 3 . . . 1 . . . . . . . . . . . . 1 . . 1 . . . . Processor 12 | . 1 . . . . . 2 1 . . . . . . . . . 1 . . . . 1 5 1 Hackware 1 | . . . . . . . . . . . . . . . . . . . . . . . 1 . . Protection 19 | . . . . . 2 1 1 3 1 . . . . 3 1 . 1 1 . . 1 . 2 1 1 Artifact . | . . . . . . . . . . . . . . . . . . . . . . . . . . Weapon 92 | 2 . 2 5 9 7 . 3 11 3 . 1 . 1 5 3 . 6 4 . 1 . 2 5 13 9 Energy Gun 45 | 2 . . . 1 5 . 1 5 2 . . . . 2 2 . 4 . . 1 . 2 2 9 7 Energy Cannon 1 | . . . . . . . . . . . . . . . . . . . . . . . . 1 . Ballistic Gun 38 | . . 2 5 7 1 . 2 6 1 . 1 . 1 2 1 . 2 2 . . . . 2 2 1 Ballistic Cannon 1 | . . . . . . . . . . . . . . . . . . . . . . . . 1 . Launcher 4 | . . . . . 1 . . . . . . . . 1 . . . 1 . . . . 1 . . Special Weapon . | . . . . . . . . . . . . . . . . . . . . . . . . . . Impact Weapon . | . . . . . . . . . . . . . . . . . . . . . . . . . . Slashing Weapon 3 | . . . . 1 . . . . . . . . . . . . . 1 . . . . . . 1 Piercing Weapon . | . . . . . . . . . . . . . . . . . . . . . . . . . . Special Melee Weapon . | . . . . . . . . . . . . . . . . . . . . . . . . . . Unidentified Prototypes 38 | . . . 1 3 3 . . 4 . . . . . . 4 . . . . . 4 . 4 11 4 Corrupted Parts 15 | . . . . . 2 . . 1 . . 2 . . . 4 . 5 . . . . . . . 1 System Corruption 95 | . . . . . 8 . . 1 . . 14 . . . 22 . 41 . . . . . . . 9 Parts Lost 129 | . . 4 3 . 3 . 1 26 1 . . . 1 4 1 . 7 10 2 . . 11 2 11 42 Power 21 | . . 2 . . . . . 5 . . . . . 1 . . 1 2 . . . 2 . 2 6 Propulsion 32 | . . . 2 . . . . 10 . . . . . 1 . . 2 1 1 . . 3 1 2 9 Utility 32 | . . . . . 1 . . 4 . . . . 1 . . . 2 4 . . . 2 1 3 14 Weapon 44 | . . 2 1 . 2 . 1 7 1 . . . . 2 1 . 2 3 1 . . 4 . 4 13 Highest Loss Streak 30 | . . 3 1 . 1 . 1 6 1 . . . 1 4 1 . 5 4 2 . . 4 1 4 30 To Critical Strikes 2 | . . . . . . . . 1 . . . . . . . . . . . . . . 1 . . Average Backups 17 | 3 13 17 19 20 19 19 19 18 15 18 19 20 19 19 19 19 18 15 19 19 19 17 18 16 14 Power 1 | . 2 2 2 2 2 2 1 2 . . 1 1 1 1 2 2 1 1 2 2 1 1 1 1 1 Propulsion 3 | 2 4 4 4 6 6 7 6 3 1 1 1 1 . 3 4 4 3 2 5 5 5 4 4 4 3 Utility 4 | . 1 4 4 3 1 2 5 6 6 6 7 7 6 4 4 5 4 3 3 4 3 4 4 2 2 Weapon 7 | . 5 7 8 9 8 8 7 6 8 9 9 9 11 9 7 7 7 6 7 7 8 6 6 7 8 Tool/Special . | . . . . . . . . . . . . . . . . . . . . . . . . . . Unused Backups 70 | . 6 . 12 4 2 . 6 5 . . 1 1 2 3 5 . . 2 . 1 2 1 7 8 2 Power 12 | . 1 . . 1 . . 1 1 . . 1 . . 1 3 . . . . . 1 . 1 1 . Propulsion 13 | . 4 . 3 . . . . . . . . . . . 2 . . 1 . . . . 3 . . Utility 17 | . . . 5 . 1 . 2 2 . . . 1 . 2 . . . . . 1 1 . 1 1 . Weapon 28 | . 1 . 4 3 1 . 3 2 . . . . 2 . . . . 1 . . . 1 2 6 2 Tool/Special . | . . . . . . . . . . . . . . . . . . . . . . . . . . Average Slot Usage (%) 95 | . 94 100 99 99 97 99 99 97 96 100 100 100 99 99 94 88 87 89 93 94 78 83 90 89 89 Engine 5 | . 13 14 10 10 9 7 7 7 6 6 6 6 5 5 5 5 2 . . . . . . . . Core 2 | . . . . . . . . 2 3 6 6 6 5 4 5 5 5 5 5 5 3 3 1 . . Reactor 3 | . . . . . . . . 1 . . . . . . . . 2 4 5 5 6 6 6 9 12 Treads 23 | . 27 28 32 32 27 30 30 25 25 26 26 26 29 28 23 17 16 17 20 21 21 18 16 13 13 Device 11 | . . . . . 6 14 7 11 12 13 13 13 16 11 11 11 10 18 15 21 20 15 17 21 20 Storage 6 | . 14 14 11 11 9 7 7 6 6 6 6 6 5 5 5 5 5 5 5 5 5 5 4 4 3 Processor 16 | . 10 14 11 11 9 7 14 19 20 20 20 20 17 17 17 17 17 16 20 15 15 15 15 18 16 Protection 2 | . . . . . 8 7 7 1 . . . . . 4 5 5 5 5 5 5 5 2 3 1 3 Energy Gun 9 | . 27 4 . . 19 15 10 3 8 13 13 13 8 5 10 11 3 1 8 10 . 9 11 14 12 Ballistic Gun 10 | . . 23 32 32 7 7 11 15 10 6 6 6 7 11 5 5 13 11 5 4 . 5 6 3 4 Peak Build Rating 185 | 6 10 12 19 23 31 36 45 69 66 66 67 68 76 82 111 111 124 132 123 124 125 125 144 171 185 Average Rating 81 | 4 8 10 15 22 28 34 41 59 62 65 66 67 75 75 96 111 117 123 119 123 104 110 134 157 174 On Entrance 72 | . 6 10 12 19 23 30 36 45 58 66 66 67 68 74 78 111 111 104 119 122 124 124 95 141 166 Avg Prop Armor Cover (%) 4 | . . . . . 6 . . . . . . . . . 4 . . . . . . . . . . Naked Turns . | . . . . . . . . . . . . . . . . . . . . . . . . . . Heaviest Build 143 | 12 47 51 59 59 69 64 82 98 81 75 75 72 74 91 91 86 102 120 110 107 101 99 119 123 143 Greatest Support 190 | 40 40 40 63 63 63 80 80 98 98 98 98 98 118 119 188 188 190 187 160 160 160 168 170 175 175 Greatest Overweight (x) 1 | . 1 1 1 1 1 . 1 1 . . . . . . . . . . . . . . . 1 1 Average Overweight (x) . | . . 1 . . . . . . . . . . . . . . . . . . . . . . . Largest Inventory Capacity 20 | 8 20 20 20 20 20 20 20 20 20 20 20 20 20 20 20 20 20 20 20 20 20 20 20 20 20 Average Capacity 19 | 7 14 20 20 20 20 20 20 20 20 20 20 20 20 20 20 20 20 20 20 20 20 20 20 20 19 Most Carried 20 | 6 20 20 20 20 20 20 20 20 17 20 20 20 20 20 20 20 20 20 20 20 20 20 20 20 20 Average Carried 18 | 3 13 17 19 20 19 19 19 18 15 18 19 19 19 19 19 20 19 15 19 19 19 17 18 19 18 Final Capacity 20 | 8 20 20 20 20 20 20 20 20 20 20 20 20 20 20 20 20 20 20 20 20 20 20 20 20 5 Final Carried 20 | 6 20 20 20 20 20 20 20 17 17 20 20 20 20 20 20 20 16 20 19 20 20 13 20 20 5 Class Distribution -------------------- 45% | Scavenger-Gunner 24% | Scavenger-Tank 12% | Mutant 7% | Gunner 3% | Scavenger-Mutant 3% | Commander-Gunner Dominant Class ---------------- Mutant | -10/Materials Mutant | -10/Mines Scavenger-Gunner | -9/Materials Commander-Gunner | -9/Storage Gunner | -8/Materials Scavenger-Gunner | -7/Factory Scavenger-Gunner | -7/DSF Scavenger-Gunner | -6/Factory Scavenger-Gunner | -6/Lower Caves Scavenger-Gunner | -6/Lower Caves Scavenger-Gunner | -6/Zion Scavenger-Gunner | -5/Proximity Caves Scavenger-Gunner | -5/Factory Scavenger-Gunner | -5/Extension Scavenger-Tank | -5/Cetus Scavenger-Tank | -5/Archives Scavenger-Tank | -5/Hub_04(d) Scavenger-Tank | -4/Factory Scavenger-Gunner | -4/Upper Caves Scavenger-Gunner | -4/Upper Caves Scavenger-Mutant | -4/Zhirov Scavenger-Gunner | -3/Proximity Caves Scavenger-Tank | -3/Research Scavenger-Tank | -3/Testing Scavenger-Tank | -2/Research Resources | -11 -10 -10 -9 -9 -8 -7 -7 -6 -6 -6 -6 -5 -5 -5 -5 -5 -5 -4 -4 -4 -4 -3 -3 -3 -2 ----------- Run | Yrd Mat Min Mat Sto Mat Fac DSF Fac Low Low Zio Pro Fac Ext Cet Arc Hub Fac Upp Upp Zhi Pro Res Tes Res Matter Collected 11783 | 220 136 105 681 684 404 30 266 2120 250 243 30 12 59 507 376 58 594 610 222 44 . 752 615 1207 1558 Remotely . | . . . . . . . . . . . . . . . . . . . . . . . . . . Salvage Created 29827 | . 768 272 1105 880 1988 . 512 3176 119 619 . 54 . 1269 641 . 1302 758 377 45 . 1312 1426 3537 9667 Parts 1352 | . 40 10 70 53 85 . 35 161 9 9 . 1 . 44 31 . 60 37 10 6 . 54 37 163 437 Haulers Intercepted 30 | . 2 . . 6 5 . . 4 . . . . . 2 . . . . . . . . 2 1 8 Recyclers Shooed 6 | . 1 1 . . . . . 2 . . . . . . . . . 1 . . . . . . 1 Parts Field Recycled . | . . . . . . . . . . . . . . . . . . . . . . . . . . Retrieved Matter . | . . . . . . . . . . . . . . . . . . . . . . . . . . Parts Self-Destructed 74 | . . . . . . . . . 6 1 . 1 . . . . . . 8 6 . 52 . . . Prevented 8 | . . . . . . . . . 3 . . . . . . . . . . . . 5 . . . Parts Restored . | . . . . . . . . . . . . . . . . . . . . . . . . . . Kills | -11 -10 -10 -9 -9 -8 -7 -7 -6 -6 -6 -6 -5 -5 -5 -5 -5 -5 -4 -4 -4 -4 -3 -3 -3 -2 ------- Run | Yrd Mat Min Mat Sto Mat Fac DSF Fac Low Low Zio Pro Fac Ext Cet Arc Hub Fac Upp Upp Zhi Pro Res Tes Res Combat Hostiles Destroyed 383 | . 11 5 22 11 26 . 11 49 4 . . 1 . 11 11 . 19 12 7 4 . 18 15 41 105 Melee 2 | . . . . . . . . 1 . . . . . . . . . 1 . . . . . . . Guns 325 | . 8 5 22 11 21 . 11 38 4 . . 1 . 5 8 . 18 7 4 1 . 16 15 40 90 AOE 44 | . 3 . . . 4 . . 9 . . . . . 5 . . 1 4 3 3 . 2 . . 10 Classes Destroyed 27 | . 7 1 3 . 1 . 2 4 . 1 . . . 1 . . 1 . . . . . . 3 3 Worker 21 | . 1 . . 1 3 . . 4 . . . . . . . . 1 . . . . . . 2 9 Builder 11 | . . . . . 2 . . 1 . . . . . 1 . . 1 . . . . . . 2 4 Tunneler 1 | . . 1 . . . . . . . . . . . . . . . . . . . . . . . Hauler 30 | . 2 . . 6 5 . . 4 . . . . . 2 . . . . . . . . 2 1 8 Recycler 13 | . 1 . 1 . 1 . . 1 . . . . . 2 . . 1 1 . . . . 1 1 3 Mechanic 3 | . . . . . . . . . . . . . . . . . . . . . . . . . 3 Operator 3 | . 1 . 1 . . . . . . . . . . . . . . . . . . . 1 . . Watcher 27 | . 3 . 4 . 3 . . 2 . . . . . . 1 . 2 1 . . . . 2 2 7 Swarmer 57 | . 3 . . 1 . . 4 7 4 . . . . 3 4 . 2 4 . 4 . 2 3 . 16 Cutter 2 | . . . . . . . . 2 . . . . . . . . . . . . . . . . . Saboteur 7 | . . . . . . . . . . . . . . . . . 1 . . . . . . . 6 Grunt 146 | . 8 5 14 1 20 . 3 12 . . . 1 . 3 3 . 7 . 7 . . 5 7 18 32 Brawler 10 | . . . 1 . . . . . . . . . . . . . 2 . . . . 2 . . 5 Duelist 16 | . . . 3 . 1 . . 1 . . . . . 1 . . 1 . . . . 4 . . 5 Protector 4 | . . . . . . . . 2 . . . . . . . . 2 . . . . . . . . Researcher 3 | . . . . . . . . . . . . . . . . . . . . . . . . 3 . Sentry 32 | . . . 5 9 5 . . 3 . . . . . 2 . . 1 2 . . . 2 3 . . Specialist 6 | . . . . . . . 3 3 . . . . . . . . . . . . . . . . . Hunter 33 | . . . . . . . . 9 . . . . . . . . . 2 . . . . 2 9 11 Programmer 48 | . . . . . . . . 7 . . . . . . . . 1 4 . . . 3 . 11 22 Heavy 7 | . . . . . . . 1 3 . . . . . . . . 1 . . . . . . . 2 Q-Series 2 | . . . . . . . . . . . . . . . . . . . . . . . . . 2 Behemoth 3 | . . . . . . . . . . . . . . 2 . . 1 . . . . . . . . Cetus Guard 4 | . . . . . . . . . . . . . . . 4 . . . . . . . . . . Striker 5 | . . . . . . . . . . . . . . . . . . . . . . . . 2 3 Executioner 1 | . . . . . . . . . . . . . . . . . . . . . . . . . 1 Alpha 7 1 | . . . . . . . . . . . . . . . . . . . . . . . . 1 . Decomposer 2 | . . . . . . . . . . 1 . . . . . . . . 1 . . . . . . Packrat 3 | . . . . . . . . . . 3 . . . . . . . . . . . . . . . Samaritan 2 | . . . . . . . . . . 2 . . . . . . . . . . . . . . . Thug 2 | . . 1 . . . . . . . . . . . 1 . . . . . . . . . . . Best Kill Streak 28 | . 5 2 3 3 9 . 5 12 3 . . 1 . 5 4 . 9 4 4 4 . 7 4 5 28 Combat Bots Only 22 | . 3 2 3 2 6 . 5 10 3 . . 1 . 5 3 . 8 4 4 4 . 7 4 5 22 Max Kills in Single Turn 5 | . 2 2 1 2 3 . 2 5 1 1 . 1 . 3 1 . 3 2 2 3 . 2 1 2 3 Gunslinging 1 | . . 1 . . . . . . . . . . . . . . 1 . . . . 1 . 1 1 Exploded 5 | . 1 . . . 2 . . 5 . . . . . 3 . . 1 2 2 3 . 2 . . 2 Melee 1 | . . . . . . . . 1 . . . . . . . . . 1 . . . . . . . Uniques/NPCs Destroyed . | . . . . . . . . . . . . . . . . . . . . . . . . . . Combat | -11 -10 -10 -9 -9 -8 -7 -7 -6 -6 -6 -6 -5 -5 -5 -5 -5 -5 -4 -4 -4 -4 -3 -3 -3 -2 -------- Run | Yrd Mat Min Mat Sto Mat Fac DSF Fac Low Low Zio Pro Fac Ext Cet Arc Hub Fac Upp Upp Zhi Pro Res Tes Res Hostile Shots Fired 2479 | . 23 28 59 46 84 . 39 391 64 . . . . 66 28 . 216 115 46 9 . 104 95 318 748 Missed 743 | . 3 5 15 14 26 . 11 109 24 . . . . 23 8 . 57 29 17 2 . 26 26 114 234 Hits 1736 | . 20 23 44 32 58 . 28 282 40 . . . . 43 20 . 159 86 29 7 . 78 69 204 514 Melee 76 | . . . 5 . . . . 6 . . . . . 3 . . . . . . . 8 . 1 53 Projectile 1660 | . 20 23 39 32 58 . 28 276 40 . . . . 40 20 . 159 86 29 7 . 70 69 203 461 AOE 10 | . . . . . . . . 8 . . . . . . . . . . . . . . . . 2 Critical Strikes 100 | . . . 5 2 2 . . 11 . . . . . 5 3 . 10 7 1 . . 7 3 13 31 Actively Blocked 46 | . . . . . . . . 8 . . . . . 2 . . 2 . . . . . . 5 29 Part Disruptions 13 | . . . . . . . . 3 . . . . . . . . 1 . . . . 1 . 4 4 Damage Taken 33751 | . 320 363 731 490 990 . 984 4685 436 40 . . 68 1015 333 . 3468 1569 615 113 . 1985 861 2840 11845 Core 3659 | . 75 25 102 72 47 . 560 254 59 . . . . 85 38 . 279 81 68 18 . 202 91 144 1459 Absorbed by Shields 2444 | . . . . . . . . 223 165 14 . . . 147 152 . 524 209 . . . . 346 374 290 Reduced by Siege Mode 522 | . . . . . . . . . . . . . . . . . . . . . . . . . 522 Ignored by Resistances 3601 | . . . . . . . 131 644 . . . . . . . . . . . . . 39 235 704 1848 Regen/Repaired (Parts) 1914 | . 288 . . 83 . . . . . . . . 153 . . . . . . . . . . 198 1192 Core Remaining (%) 66 | 100 . 60 . 56 91 . 20 . . . . 63 . . . . 59 . . . . 67 . 81 . Volleys Fired 1011 | . 32 23 69 43 60 . 19 149 16 21 . 3 1 39 18 6 49 33 14 3 . 41 45 111 216 Largest 4 | . 2 2 3 3 3 . 3 3 3 3 . 3 3 3 3 3 3 3 3 3 . 3 4 4 4 Hottest 720 | . 80 80 69 69 150 . 161 255 113 148 . 148 148 241 240 155 222 231 194 194 . 354 278 473 720 Shots Fired 2903 | . 64 46 207 130 166 . 57 402 23 55 . 9 3 109 46 16 134 81 29 5 . 122 177 366 656 Gun 2844 | . 64 46 207 130 162 . 57 393 23 55 . 9 3 107 43 16 134 79 22 4 . 122 177 354 637 Cannon 14 | . . . . . . . . . . . . . . . . . . . . . . . . 12 2 Launcher 45 | . . . . . 4 . . 9 . . . . . 2 3 . . 2 7 1 . . . . 17 Special . | . . . . . . . . . . . . . . . . . . . . . . . . . . Kinetic 1457 | . . 33 207 130 36 . 27 341 7 13 . 3 1 67 15 5 111 53 7 2 . 46 62 81 210 Thermal 913 | . . . . . 7 . 26 31 . . . . . 40 8 . 18 19 15 2 . 61 115 206 365 Explosive 10 | . . . . . . . . . . . . . . . . . . 2 7 1 . . . . . Electromagnetic 523 | . 64 13 . . 123 . 4 30 16 42 . 6 2 2 23 11 5 7 . . . 15 . 79 81 Robot Hit Streak 51 | . 19 19 23 13 18 . 8 26 18 9 . 3 6 22 15 3 19 6 11 1 . 10 13 29 51 Robot Miss Streak 8 | . 2 2 2 2 8 . 3 7 2 2 . 2 . 2 2 2 5 4 2 2 . 4 3 3 6 Penetration Max 2 | . . . . . . . . 1 . . . . . 1 1 1 1 1 . . . 1 1 1 2 Secondary Targets 52 | . . 2 . . 4 . 1 4 1 . . . . . 3 . 5 . 3 . . 5 4 2 18 Max Gunslinging Chain 2 | . . 1 . . 1 . 1 1 1 . . . . . 1 . 1 . 1 . . 2 1 1 2 Shots Hit Robots 2080 | . 46 39 153 92 110 . 31 290 16 36 . 5 3 93 29 9 85 57 22 1 . 91 124 264 484 Core Hits 1174 | 1 29 12 52 31 82 . 20 173 7 18 . 4 2 43 23 9 59 27 19 3 . 41 52 124 343 Critical Kills 105 | . . . . . . . . 1 . 1 . . . 1 2 . 4 2 1 . . 2 4 22 65 Critical Parts Destroyed 124 | . . . 1 1 . . . 3 . . . . . 2 . . 5 3 1 . . 1 2 26 79 Critical Strikes 286 | . 1 1 2 1 . . 1 7 . 1 . . . 6 2 . 12 8 2 1 . 6 23 61 151 Burn 34 | . . . . . . . 1 3 . . . . . 3 . . 2 . . 1 . 2 15 7 . Destroy 235 | . . . 2 1 . . . 4 . 1 . . . 3 2 . 10 5 2 . . 3 8 48 146 Blast 1 | . . . . . . . . . . . . . . . . . . . . . . . . 1 . Corrupt 13 | . 1 1 . . . . . . . . . . . . . . . . . . . 1 . 5 5 Sever 3 | . . . . . . . . . . . . . . . . . . 3 . . . . . . . Melee Attacks 23 | . . . . 3 . . . 6 . . . . . . . . . 10 . . . . . . 4 Thermal 4 | . . . . . . . . . . . . . . . . . . . . . . . . . 4 Impact . | . . . . . . . . . . . . . . . . . . . . . . . . . . Slashing 19 | . . . . 3 . . . 6 . . . . . . . . . 10 . . . . . . . Piercing . | . . . . . . . . . . . . . . . . . . . . . . . . . . Sneak Attacks 2 | . . . . . . . . . . . . . . . . . . 2 . . . . . . . Combat Hostiles . | . . . . . . . . . . . . . . . . . . . . . . . . . . Follow-up Attacks . | . . . . . . . . . . . . . . . . . . . . . . . . . . Damage Inflicted 53771 | 3 857 604 1959 1516 3020 . 628 7379 212 593 . 89 40 2428 935 205 2966 1860 1419 232 . 2551 2601 5368 16306 Guns 43580 | . 613 496 1941 1458 2064 . 628 5712 196 537 . 89 40 2006 576 205 2652 1210 447 23 . 2314 2601 5194 12578 Cannons 40 | . . . . . . . . . . . . . . . . . . . . . . . . 40 . Explosions 9566 | . 243 91 . . 947 . . 1566 . 56 . . . 407 359 . 307 368 972 209 . 237 . 133 3671 Melee 342 | . . . . . . . . 66 . . . . . . . . . 276 . . . . . . . Ramming 243 | 3 1 17 18 58 9 . . 35 16 . . . . 15 . . 7 6 . . . . . 1 57 Kinetic 20660 | . . 355 1941 1458 368 . 294 4952 72 171 . 38 19 1191 260 109 2202 775 143 . . 953 848 810 3701 Thermal 20511 | . 243 91 . . 780 . 283 1352 . 56 . . . 999 145 . 435 601 304 23 . 1307 1753 3382 8757 Explosive 1668 | . . . . . . . . . . . . . . . . . . 140 972 209 . . . . 347 Electromagnetic 10347 | . 613 141 . . 1863 . 51 974 124 366 . 51 21 223 530 96 322 62 . . . 291 . 1175 3444 Impact . | . . . . . . . . . . . . . . . . . . . . . . . . . . Slashing 342 | . . . . . . . . 66 . . . . . . . . . 276 . . . . . . . Piercing . | . . . . . . . . . . . . . . . . . . . . . . . . . . Highest Corruption 80 | . . . 1 3 8 . . 6 6 6 10 . . . 22 22 80 1 1 1 1 4 . 8 38 Average Corruption 7 | . . . 1 1 7 . . 4 6 6 6 . . . 16 22 39 1 1 1 1 2 . 7 6 Corruption Purged . | . . . . . . . . . . . . . . . . . . . . . . . . . . Corruption Blocked . | . . . . . . . . . . . . . . . . . . . . . . . . . . Effects 367 | . . . . 22 1 . . 57 22 23 1 . . . 33 11 48 8 8 4 2 9 . 50 68 Message Errors 82 | . . . . 3 1 . . 13 5 7 1 . . . 5 2 10 . 3 3 . . . 17 12 Matter Fused 84 | . . . . 3 . . . 18 7 4 . . . . 14 2 8 . . . 2 3 . 10 13 Heat Flow Errors 38 | . . . . 3 . . . 5 3 6 . . . . 3 1 3 . . . . . . 8 6 Energy Discharges 35 | . . . . 4 . . . 4 2 3 . . . . 2 1 3 . 1 . . 1 . 2 12 Parts Rejected 9 | . . . . . . . . 1 1 . . . . . . 1 1 2 . . . 1 . 1 1 Parts Fused 3 | . . . . . . . . . . . . . . . . . . . 1 . . . . 1 1 Data Loss (minor) 39 | . . . . 6 . . . 6 4 . . . . . 2 1 6 2 2 . . 2 . 2 6 Data Loss (major) 13 | . . . . . . . . 3 . . . . . . 2 1 . . . 1 . 1 . 1 4 Misfires 17 | . . . . 1 . . . 3 . . . . . . 2 . 3 2 1 . . . . 3 2 Alerts 9 | . . . . 2 . . . . . 1 . . . . 2 . 1 1 . . . 1 . . 1 Misdirections 3 | . . . . . . . . . . . . . . . . . 3 . . . . . . . . Weapon Failures 35 | . . . . . . . . 4 . 2 . . . . 1 2 10 1 . . . . . 5 10 Overload Shots 35 | . . . . . . . . . . . . . . . 1 . . . . . . 2 . 4 28 Overflow Damage 419 | . . . . . 47 . . 29 . . . . . 24 . . . 152 54 31 . 19 . 48 15 Projectiles . | . . . . . . . . . . . . . . . . . . . . . . . . . . Explosions 361 | . . . . . 47 . . 8 . . . . . 24 . . . 116 54 31 . 19 . 48 14 Melee 58 | . . . . . . . . 21 . . . . . . . . . 36 . . . . . . 1 Knockbacks 1 | . . . . . . . . . . . . . . . . . . . . . . . . 1 . Impact . | . . . . . . . . . . . . . . . . . . . . . . . . . . Kinetic 1 | . . . . . . . . . . . . . . . . . . . . . . . . 1 . Secondary . | . . . . . . . . . . . . . . . . . . . . . . . . . . Self-Inflicted Damage 769 | . 103 51 . . 81 . . 18 . 55 . . . . . . 105 26 35 . . 83 . 23 189 Shots 29 | . 3 1 . . 3 . . 4 . 1 . . . . . . 1 1 1 . . 1 . 1 12 Rammed 32 | 1 3 1 1 5 2 . . 8 3 . . . . 2 . . 1 1 . . . . . . 4 Targets Rammed 35 | 1 3 2 2 5 2 . . 8 3 . . . . 2 . . 1 1 . . . . . 1 4 Kicked . | . . . . . . . . . . . . . . . . . . . . . . . . . . Crushed 3 | . . 1 1 . . . . . . . . . . . . . . . . . . . . 1 . Highest Temperature 2198 | . 216 114 95 205 377 . 2198 348 258 361 . 133 . 342 469 306 429 540 184 78 . 240 286 438 384 Average Temperature 95 | . 52 34 22 23 35 . 435 87 79 113 . 59 . 84 139 143 119 165 74 43 . 72 32 69 81 Received Heat Transfer 4439 | . 90 174 237 174 513 . 72 657 . . . . . 160 58 . 524 75 154 . . 632 82 154 683 Effects 60 | . . . . . 1 . 36 . . 1 . . . . 6 . 3 5 . . . . . 3 5 Shutdowns 12 | . . . . . . . 6 . . . . . . . 2 . 2 . . . . . . 1 1 Energy Bleed 9 | . . . . . 1 . 3 . . 1 . . . . . . 1 . . . . . . 1 2 Interference 13 | . . . . . . . 6 . . . . . . . 2 . . 4 . . . . . . 1 Matter Decay 7 | . . . . . . . 5 . . . . . . . 1 . . . . . . . . 1 . Short Circuit 3 | . . . . . . . 1 . . . . . . . 1 . . 1 . . . . . . . Damage (minor) 2 | . . . . . . . 1 . . . . . . . . . . . . . . . . . 1 Damage (major) 8 | . . . . . . . 8 . . . . . . . . . . . . . . . . . . Damage (core) 6 | . . . . . . . 6 . . . . . . . . . . . . . . . . . . Siege Activations 16 | . . . . . . . . . . . . . . . . . . . . . . . . 2 14 Total Turns 305 | . . . . . . . . . . . . . . . . . . . . . . . . 9 296 Longest Duration 76 | . . . . . . . . . . . . . . . . . . . . . . . . 7 76 Martial Activations . | . . . . . . . . . . . . . . . . . . . . . . . . . . Shielding Activations . | . . . . . . . . . . . . . . . . . . . . . . . . . . Robots Disrupted 6 | . . . . . . . . . . . . 1 . . 2 1 . 1 . . . . . 1 . Combat Hostiles 4 | . . . . . . . . . . . . . . . 2 1 . . . . . . . 1 . Robots Corrupted 8 | . . . . . 1 . . . . . . . . . 3 . . . . . . . . . 4 Combat Hostiles 8 | . . . . . 1 . . . . . . . . . 3 . . . . . . . . . 4 Parts Fried 32 | . . . . . 10 . . 4 . 3 . . . . 3 . . . . . . . . 3 9 Impact Corruptions 1 | . . . . . . . . . . . . . . . . . . . . . . . . . 1 Robots Melted 4 | . . . . . . . . 1 . . . . . 1 . . . . . . . . . 1 1 Combat Hostiles 4 | . . . . . . . . 1 . . . . . 1 . . . . . . . . . 1 1 Parts Melted 95 | . . . . . . . 1 8 . . . . . 9 . . 1 1 1 . . 1 13 30 30 Heat Transferred 32236 | . 250 100 . . 1011 . 592 2579 . 50 . . . 2080 222 . 753 694 407 111 . 1721 4932 6062 10672 Parts Sabotaged 2 | . . . . . . . . 2 . . . . . . . . . . . . . . . . . Parts Stolen . | . . . . . . . . . . . . . . . . . . . . . . . . . . Parts Stripped . | . . . . . . . . . . . . . . . . . . . . . . . . . . Power Chain Reactions 35 | . 5 1 . . 8 . . 6 . 1 . . . 3 . . 1 . . . . 1 . 1 8 Alert | -11 -10 -10 -9 -9 -8 -7 -7 -6 -6 -6 -6 -5 -5 -5 -5 -5 -5 -4 -4 -4 -4 -3 -3 -3 -2 ------- Run | Yrd Mat Min Mat Sto Mat Fac DSF Fac Low Low Zio Pro Fac Ext Cet Arc Hub Fac Upp Upp Zhi Pro Res Tes Res Maximum Alert Level 5 | . . . 1 1 1 . 1 3 . . . . . 1 4 2 4 3 . . . . 1 3 5 Low Security (%) 51 | 100 100 100 97 71 78 100 42 27 . . . . 100 88 27 . 6 . . . . . 85 8 . Level 1 21 | . . . 2 28 21 . 57 27 . . . . . 11 30 . 6 . . . . . 14 56 37 Level 2 16 | . . . . . . . . 43 . . . . . . 17 100 39 70 . . . . . 25 16 Level 3 5 | . . . . . . . . 1 . . . . . . 16 . 40 29 . . . . . 9 7 Level 4 2 | . . . . . . . . . . . . . . . 8 . 7 . . . . . . . 13 Level 5 . | . . . . . . . . . . . . . . . . . . . . . . . . . 7 High Security 1 | . . . . . . . . . . . . . . . . . . . . . . . . . 16 Max Security . | . . . . . . . . . . . . . . . . . . . . . . . . . . Sterilizations 1 | . . . . . . . 1 . . . . . . . . . . . . . . . . . . Peak Influence 2712 | . 164 55 217 323 384 165 348 725 . . . . 12 357 1257 690 1529 873 . . . . 315 852 2712 Initial 749 | . . . 6 89 61 165 63 182 . . . . . 1 179 496 203 749 . . . . 69 172 474 Average 324 | . 44 4 53 140 119 128 228 394 . . . . . 84 479 620 720 672 . . . . 65 373 956 Influence Increases 16009 | . 389 164 730 798 851 5 295 1490 135 5 . 46 28 779 1642 214 1762 616 160 90 . 539 679 1464 3128 Destroy 0b10 Robot/C 9060 | . 220 120 480 400 540 . 220 940 80 . . 40 . 440 720 80 540 240 140 80 . 400 340 940 2100 Destroy 0b10 Robot/NC 605 | . 40 5 30 40 70 . . 70 . 5 . . . 35 10 . 45 10 . . . . 30 45 170 Destroy Leader 1740 | . 60 20 148 154 136 . 30 232 10 . . . . 32 70 . 114 62 20 10 . 50 98 136 358 Allied During Kill 1569 | . . 4 5 134 8 . . . . . . 6 . 219 677 80 202 . . . . 29 153 52 . Successful Hack 217 | . 9 . 31 33 . 5 . 32 . . . . 28 5 14 . . . . . . . 33 16 11 Disable Machine 1020 | . 45 15 . 30 . . . 135 . . . . . 15 105 30 285 150 . . . . . 135 75 Anti-Garrison Action 150 | . . . . . . . . . . . . . . . . . 150 . . . . . . . . Destroy Structure 988 | . 15 . 6 7 37 . . 21 . . . . . 18 46 24 306 154 . . . . 10 50 294 Partial Spotted 15 | . . . 15 . . . . . . . . . . . . . . . . . . . . . . Lose Combat Pursuer 645 | . . . 15 . 60 . 45 60 45 . . . . 15 . . 120 . . . . 60 15 90 120 Influence Decreases 13457 | . 389 147 534 864 634 279 37 1135 581 262 . 46 24 462 722 875 813 1308 681 291 115 436 475 927 1420 Entered New Map 3997 | . . . 11 124 86 199 27 166 261 50 . . . 3 142 745 377 780 311 61 115 . 34 135 370 Time Decay 7650 | . 389 137 483 510 478 80 . 709 310 212 . 46 24 359 510 130 286 428 350 230 . 306 401 642 630 Lost Part 1240 | . . 10 20 . 30 . 10 260 10 . . . . 40 10 . 70 100 20 . . 110 20 110 420 Lost Ally 420 | . . . 20 80 40 . . . . . . . . 60 60 . 80 . . . . 20 20 40 . Purge Threat 150 | . . . . 150 . . . . . . . . . . . . . . . . . . . . . Squads Dispatched 92 | . 2 . 8 . 6 . 2 13 . . . . 1 . 1 . 11 1 . . . 1 4 11 31 Investigation 8 | . 1 . 4 . . . . . . . . . . . 1 . . . . . . . 2 . . Extermination 18 | . . . . . . . . 5 . . . . 1 . . . 1 1 . . . . . 5 5 Reinforcement 33 | . 1 . 4 . 2 . 2 7 . . . . . . . . 2 . . . . . 2 6 7 Assault 26 | . . . . . . . . 1 . . . . . . . . 5 . . . . 1 . . 19 Garrison 7 | . . . . . 4 . . . . . . . . . . . 3 . . . . . . . . Intercept . | . . . . . . . . . . . . . . . . . . . . . . . . . . Searches Triggered . | . . . . . . . . . . . . . . . . . . . . . . . . . . Construction Impeded 4 | . . . . . 1 . . 1 . . . . . . . . . . . . . . . . 2 Haulers Reinforced 3 | . . . . . . . . 1 . . . . . . . . . . . . . . . . 2 Active Scanning Responses . | . . . . . . . . . . . . . . . . . . . . . . . . . . Cargo Convoy Interrupts 1 | . . . . . . . . 1 . . . . . . . . . . . . . . . . . Stealth | -11 -10 -10 -9 -9 -8 -7 -7 -6 -6 -6 -6 -5 -5 -5 -5 -5 -5 -4 -4 -4 -4 -3 -3 -3 -2 --------- Run | Yrd Mat Min Mat Sto Mat Fac DSF Fac Low Low Zio Pro Fac Ext Cet Arc Hub Fac Upp Upp Zhi Pro Res Tes Res Distress Signals 24 | . . . 2 1 4 . . . . . . . . . 2 . 2 3 . . . . 1 3 6 Communications Jammed 22 | . . . . . . . . . . . . . . 4 . 2 16 . . . . . . . . Distress Signals 18 | . . . . . . . . . . . . . . 4 . 2 12 . . . . . . . . Times Spotted 622 | . 15 6 36 16 35 . 12 68 7 . . 2 . 26 33 5 56 17 7 4 . 25 32 55 165 Peak Tracking Total 24 | . 4 2 4 4 5 . 5 12 4 . . 1 . 10 9 2 23 5 4 4 . 8 4 6 24 Tactical Retreats 29 | . . . 1 . 3 . 2 2 1 . . . . 1 . . 4 . . . . 4 1 5 5 Traps | -11 -10 -10 -9 -9 -8 -7 -7 -6 -6 -6 -6 -5 -5 -5 -5 -5 -5 -4 -4 -4 -4 -3 -3 -3 -2 ------- Run | Yrd Mat Min Mat Sto Mat Fac DSF Fac Low Low Zio Pro Fac Ext Cet Arc Hub Fac Upp Upp Zhi Pro Res Tes Res Traps Triggered 19 | . 3 . 4 4 . . 4 1 . . . . . . . . 1 . . . . . 1 . 1 Indirectly 1 | . . . . . . . . . . . . . . . . . . . . . . . . . 1 Trap Hack Attempts . | . . . . . . . . . . . . . . . . . . . . . . . . . . Triggered . | . . . . . . . . . . . . . . . . . . . . . . . . . . Disarmed 5 | . 5 . . . . . . . . . . . . . . . . . . . . . . . . Reprogrammed . | . . . . . . . . . . . . . . . . . . . . . . . . . . Reused . | . . . . . . . . . . . . . . . . . . . . . . . . . . Traps Extracted . | . . . . . . . . . . . . . . . . . . . . . . . . . . Installed . | . . . . . . . . . . . . . . . . . . . . . . . . . . Triggered . | . . . . . . . . . . . . . . . . . . . . . . . . . . Machines | -11 -10 -10 -9 -9 -8 -7 -7 -6 -6 -6 -6 -5 -5 -5 -5 -5 -5 -4 -4 -4 -4 -3 -3 -3 -2 ---------- Run | Yrd Mat Min Mat Sto Mat Fac DSF Fac Low Low Zio Pro Fac Ext Cet Arc Hub Fac Upp Upp Zhi Pro Res Tes Res Machines Disabled 75 | . 4 1 . 2 . . . 9 . . . . . 2 10 2 20 10 . . . . . 10 5 Max in Single Turn 15 | . 2 1 . 1 . . . 1 . . . . . 1 2 1 15 4 . . . . . 1 1 Garrison Access 3 | . . . . . . . . 1 . . . . . . . . 1 . . . . . 1 . . Network Hub 1 | . . . . . . . . . . . . . . . . . 1 . . . . . . . . Machines Repaired . | . . . . . . . . . . . . . . . . . . . . . . . . . . Machines Dismantled . | . . . . . . . . . . . . . . . . . . . . . . . . . . Machines Sabotaged . | . . . . . . . . . . . . . . . . . . . . . . . . . . Overloaded Fab Kills . | . . . . . . . . . . . . . . . . . . . . . . . . . . Hacking | -11 -10 -10 -9 -9 -8 -7 -7 -6 -6 -6 -6 -5 -5 -5 -5 -5 -5 -4 -4 -4 -4 -3 -3 -3 -2 --------- Run | Yrd Mat Min Mat Sto Mat Fac DSF Fac Low Low Zio Pro Fac Ext Cet Arc Hub Fac Upp Upp Zhi Pro Res Tes Res Machines Accessed 73 | . 6 . 10 14 1 2 . 9 . . 1 1 4 2 3 . 1 1 . . 4 . 3 8 3 Terminals 42 | . 4 . 5 10 . 2 . 6 . . . 1 1 2 3 . 1 . . . . . 1 5 1 Fabricators 2 | . . . . . . . . 1 . . . . 1 . . . . . . . . . . . . Repair Stations 6 | . 1 . 1 1 . . . . . . . . . . . . . . . . . . . 2 1 Recycling Units 7 | . 1 . 2 2 . . . . . . . . . . . . . 1 . . . . 1 . . Scanalyzers 6 | . . . 2 . 1 . . 1 . . . . 1 . . . . . . . . . . . 1 Garrison Access 5 | . . . . 1 . . . 1 . . . . 1 . . . . . . . . . 1 1 . Total Hacks 204 | . 37 . 31 27 2 2 . 18 . . 1 2 12 3 7 . 1 5 . . 17 . 6 20 13 Successful 115 | . 26 . 16 18 1 1 . 7 . . 1 2 4 3 3 . . 3 . . 17 . 3 2 8 Failed 89 | . 11 . 15 9 1 1 . 11 . . . . 8 . 4 . 1 2 . . . . 3 18 5 Catastrophic 13 | . . . 2 1 . . . 1 . . . . . . 2 . . . . . . . 1 5 1 Database Lockouts . | . . . . . . . . . . . . . . . . . . . . . . . . . . Manual 53 | . 17 . 7 15 . . . 6 . . . . 1 . 1 . . 1 . . . . 2 3 . Terminals 112 | . 26 . 15 22 . 2 . 13 . . . 2 4 3 7 . 1 . . . . . 3 13 1 Fabricators 7 | . . . . . . . . 3 . . . . 4 . . . . . . . . . . . . Repair Stations 26 | . 8 . 3 2 . . . . . . . . . . . . . . . . . . . 3 10 Recycling Units 16 | . 3 . 5 2 . . . . . . . . . . . . . 5 . . . . 1 . . Scanalyzers 16 | . . . 8 . 2 . . 1 . . . . 3 . . . . . . . . . . . 2 Garrison Access 9 | . . . . 1 . . . 1 . . . . 1 . . . . . . . . . 2 4 . Terminal Hacks 68 | . 14 . 5 12 . 1 . 5 . . 1 2 1 3 3 . . . . . 17 . 1 2 1 Record 14 | . . . . 1 . . . 2 . . . 2 . . 3 . . . . . 5 . 1 . . Part Schematic 9 | . 1 . . 2 . . . . . . 1 . . . . . . . . . 4 . . 1 . Robot Analysis 11 | . 5 . 2 . . . . . . . . . . . . . . . . . 4 . . . . Prototype ID Bank 7 | . 1 . . 1 . . . . . . . . . 1 . . . . . . 4 . . . . Open Door 7 | . . . . 4 . . . . . . . . 1 1 . . . . . . . . . 1 . Open DSF 3 | . . . . . . 1 . 1 . . . . . . . . . . . . . . . . 1 Branch Access Points 1 | . . . . . . . . 1 . . . . . . . . . . . . . . . . . Emergency Access Points 2 | . 1 . 1 . . . . . . . . . . . . . . . . . . . . . . Terminal Index 1 | . 1 . . . . . . . . . . . . . . . . . . . . . . . . Alert Level 4 | . 1 . . 2 . . . . . . . . . 1 . . . . . . . . . . . Unreport Threat 1 | . . . . 1 . . . . . . . . . . . . . . . . . . . . . Locate Traps 1 | . . . . 1 . . . . . . . . . . . . . . . . . . . . . Disarm Traps 1 | . 1 . . . . . . . . . . . . . . . . . . . . . . . . Patrol Status 1 | . 1 . . . . . . . . . . . . . . . . . . . . . . . . Investigation Status 1 | . . . 1 . . . . . . . . . . . . . . . . . . . . . . Hauler Manifests 2 | . 1 . . . . . . 1 . . . . . . . . . . . . . . . . . Registered Components 1 | . . . 1 . . . . . . . . . . . . . . . . . . . . . . Zone Layout 1 | . 1 . . . . . . . . . . . . . . . . . . . . . . . . Fabricator Hacks . | . . . . . . . . . . . . . . . . . . . . . . . . . . Repair Station Hacks 18 | . 8 . 1 2 . . . . . . . . . . . . . . . . . . . . 7 Scan Component 10 | . 4 . 1 1 . . . . . . . . . . . . . . . . . . . . 4 Repair 8 | . 4 . . 1 . . . . . . . . . . . . . . . . . . . . 3 Recycling Unit Hacks 4 | . 1 . 1 . . . . . . . . . . . . . . 2 . . . . . . . Retrieve Matter 1 | . . . . . . . . . . . . . . . . . . 1 . . . . . . . Retrieve Components 3 | . 1 . 1 . . . . . . . . . . . . . . 1 . . . . . . . Scanalyzer 10 | . . . 6 . 1 . . 1 . . . . 2 . . . . . . . . . . . . Insert Component 3 | . . . 2 . . . . . . . . . 1 . . . . . . . . . . . . Analyze 3 | . . . 2 . . . . . . . . . 1 . . . . . . . . . . . . Retrieve Study 4 | . . . 2 . 1 . . 1 . . . . . . . . . . . . . . . . . Garrison Access Hacks 2 | . . . . . . . . 1 . . . . . . . . . . . . . . 1 . . Seal Access 2 | . . . . . . . . 1 . . . . . . . . . . . . . . 1 . . Unauthorized Hacks 13 | . 3 . 3 4 . . . . . . . . 1 . . . . 1 . . . . 1 . . Terminals 6 | . 2 . 2 2 . . . . . . . . . . . . . . . . . . . . . Botnet 6 | . 2 . 2 2 . . . . . . . . . . . . . . . . . . . . . Fabricators 1 | . . . . . . . . . . . . . 1 . . . . . . . . . . . . Liberate 1 | . . . . . . . . . . . . . 1 . . . . . . . . . . . . Repair Stations . | . . . . . . . . . . . . . . . . . . . . . . . . . . Recycling Units 5 | . 1 . 1 1 . . . . . . . . . . . . . 1 . . . . 1 . . Reject 5 | . 1 . 1 1 . . . . . . . . . . . . . 1 . . . . 1 . . Scanalyzers . | . . . . . . . . . . . . . . . . . . . . . . . . . . Garrison Access 1 | . . . . 1 . . . . . . . . . . . . . . . . . . . . . Reprogram 1 | . . . . 1 . . . . . . . . . . . . . . . . . . . . . Data Cores Recovered . | . . . . . . . . . . . . . . . . . . . . . . . . . . Used . | . . . . . . . . . . . . . . . . . . . . . . . . . . Hacking Detections 55 | . 6 . 10 11 . 1 . 6 . . . 1 4 1 3 . 1 1 . . . . 2 6 2 Full Trace Events 5 | . . . 2 1 . . . . . . . . . . 1 . . . . . . . 1 . . Feedback Events 1 | . . . 1 . . . . . . . . . . . . . . . . . . . . . . Corruption 1 | . . . 1 . . . . . . . . . . . . . . . . . . . . . . Feedback Blocked . | . . . . . . . . . . . . . . . . . . . . . . . . . . Robot Schematics Acquired 2 | . . . . . . . . . . . . . . . . . . . . . . . . 2 . Robots Built . | . . . . . . . . . . . . . . . . . . . . . . . . . . Authchips . | . . . . . . . . . . . . . . . . . . . . . . . . . . Time . | . . . . . . . . . . . . . . . . . . . . . . . . . . Total Robot Build Rating . | . . . . . . . . . . . . . . . . . . . . . . . . . . Part Schematics Acquired 16 | . 1 . 1 2 . . . . . . 1 . . . . . . . . . 4 . . 7 . Parts Built . | . . . . . . . . . . . . . . . . . . . . . . . . . . Authchips . | . . . . . . . . . . . . . . . . . . . . . . . . . . Time . | . . . . . . . . . . . . . . . . . . . . . . . . . . Total Part Build Rating . | . . . . . . . . . . . . . . . . . . . . . . . . . . Part Studies Acquired 4 | . . . 2 . 1 . . 1 . . . . . . . . . . . . . . . . . Parts Repaired 8 | . 4 . . 1 . . . . . . . . . . . . . . . . . . . . 3 Time 369 | . 104 . . 32 . . . . . . . . . . . . . . . . . . . . 233 Parts Recycled . | . . . . . . . . . . . . . . . . . . . . . . . . . . Recycled Matter . | . . . . . . . . . . . . . . . . . . . . . . . . . . Retrieved Matter . | . . . . . . . . . . . . . . . . . . . . . . . . . . Retrieved Components 13 | . 6 . 4 . . . . . . . . . . . . . . 3 . . . . . . . Parts Scanalyzed 3 | . . . 2 . . . . . . . . . 1 . . . . . . . . . . . . Part Schematics Acquired 1 | . . . 1 . . . . . . . . . . . . . . . . . . . . . . Parts Damaged . | . . . . . . . . . . . . . . . . . . . . . . . . . . Bothacking | -11 -10 -10 -9 -9 -8 -7 -7 -6 -6 -6 -6 -5 -5 -5 -5 -5 -5 -4 -4 -4 -4 -3 -3 -3 -2 ------------ Run | Yrd Mat Min Mat Sto Mat Fac DSF Fac Low Low Zio Pro Fac Ext Cet Arc Hub Fac Upp Upp Zhi Pro Res Tes Res Used RIF Installer . | . . . . . . . . . . . . . . . . . . . . . . . . . . Robots Hacked . | . . . . . . . . . . . . . . . . . . . . . . . . . . Non-combat . | . . . . . . . . . . . . . . . . . . . . . . . . . . Combat . | . . . . . . . . . . . . . . . . . . . . . . . . . . Robot Hacks Applied . | . . . . . . . . . . . . . . . . . . . . . . . . . . Relay Couplers Released 2 | . . . . . . . . . . . . . . . . . 2 . . . . . . . . Machine Destruction 2 | . . . . . . . . . . . . . . . . . 2 . . . . . . . . Fabnet Peak Effective % . | . . . . . . . . . . . . . . . . . . . . . . . . . . Robots Rewired 10 | . . . . 1 . . . . . . . . . 7 . . . . . . . 2 . . . Allies Hacked . | . . . . . . . . . . . . . . . . . . . . . . . . . . Hacks Repelled . | . . . . . . . . . . . . . . . . . . . . . . . . . . Allies | -11 -10 -10 -9 -9 -8 -7 -7 -6 -6 -6 -6 -5 -5 -5 -5 -5 -5 -4 -4 -4 -4 -3 -3 -3 -2 -------- Run | Yrd Mat Min Mat Sto Mat Fac DSF Fac Low Low Zio Pro Fac Ext Cet Arc Hub Fac Upp Upp Zhi Pro Res Tes Res Total Allies 32 | . . 3 . 10 . . . . . . 2 . . 8 5 . . . . . . 2 2 . . Largest Group 10 | . . 3 2 10 3 . . . . . 2 2 2 8 8 5 4 . . . . 2 2 2 . Highest-Rated Group 704 | . . 40 24 88 23 . . . . . 59 59 59 369 704 543 377 . . . . 95 192 192 . Highest-Rated Ally 159 | . . 16 16 16 8 . . . . . 31 31 31 159 159 159 96 . . . . 48 96 96 . Initial Warlord ECA Mod 9 | . . . . . . . . 9 9 9 9 8 8 7 7 7 7 6 6 6 6 5 5 4 3 Warlord Squad Rendezvous 2 | . . . . . . . . . . . . . 1 . . . . . . . . . 1 . . Infantry 1 | . . . . . . . . . . . . . 1 . . . . . . . . . . . . Ranger 1 | . . . . . . . . . . . . . . . . . . . . . . . 1 . . Total Orders 2 | . . . . . . . . . . . . . . . . . . . . . . . 2 . . STAY 1 | . . . . . . . . . . . . . . . . . . . . . . . 1 . . FOLLOW 1 | . . . . . . . . . . . . . . . . . . . . . . . 1 . . Ally Attacks 441 | . . 7 14 47 19 . . . . . . 8 4 78 83 34 67 . . . . 26 34 20 . Total Damage 12710 | . . 54 126 397 167 . . . . . . 141 53 1728 3325 1330 2803 . . . . 753 1028 805 . Kills 79 | . . 1 2 10 1 . . . . . . 1 . 14 26 4 12 . . . . 2 2 4 . Allies Corrupted 2 | . . . . 1 . . . . . . . . 1 . . . . . . . . . . . . Allies Melted 1 | . . . . . . . . . . . . . . . . . . . . . . . 1 . . Intel | -11 -10 -10 -9 -9 -8 -7 -7 -6 -6 -6 -6 -5 -5 -5 -5 -5 -5 -4 -4 -4 -4 -3 -3 -3 -2 ------- Run | Yrd Mat Min Mat Sto Mat Fac DSF Fac Low Low Zio Pro Fac Ext Cet Arc Hub Fac Upp Upp Zhi Pro Res Tes Res Active Infowar (turns) 18475 | . . . . . . 164 119 2911 647 830 1682 731 567 982 1391 269 446 1037 790 498 315 606 581 1661 2248 Optics 1016 | . . . . . . . . . . . . . . . . . . . . . . . 580 436 . Sensors 14903 | . . . . . . . . 1358 647 830 1682 731 567 957 715 269 428 1037 790 498 315 606 . 1225 2248 IFF 753 | . . . . . . . . 753 . . . . . . . . . . . . . . . . . Traps 2104 | . . . . . . 164 20 1920 . . . . . . . . . . . . . . . . . Cloaking 1 | . . . . . . . . . . . . . . . . . . . . . . . 1 . . Jamming 3718 | . . . . . . 2 119 193 . . . . 466 971 1391 269 307 . . . . . . . . ECM 19 | . . . . . . . . . . . . . . . . . . 2 16 . . . . 1 . Robot Analysis Total 11 | . 5 . 2 . . . . . . . . . . . . . . . . . 4 . . . . Derelict Logs Recovered 12 | . . 2 . . . . . . 2 . 2 3 . . . . . . 2 1 . . . . . Drone Launches . | . . . . . . . . . . . . . . . . . . . . . . . . . . Drone Recoveries . | . . . . . . . . . . . . . . . . . . . . . . . . . . Exploration | -11 -10 -10 -9 -9 -8 -7 -7 -6 -6 -6 -6 -5 -5 -5 -5 -5 -5 -4 -4 -4 -4 -3 -3 -3 -2 ------------- Run | Yrd Mat Min Mat Sto Mat Fac DSF Fac Low Low Zio Pro Fac Ext Cet Arc Hub Fac Upp Upp Zhi Pro Res Tes Res Turns Passed 29157 | 102 1392 2103 1474 1399 1234 166 336 3177 699 830 1682 731 567 1075 1391 269 621 1049 790 498 315 730 1580 2303 2644 Spaces Moved 13563 | 59 588 771 703 691 406 100 113 1462 364 454 1002 435 292 482 715 150 256 500 465 279 186 368 869 1060 793 Core 8 | 7 . . . . . . . . . . . . . . . . . . . . . . . . 1 Treads 13555 | 52 588 771 703 691 406 100 113 1462 364 454 1002 435 292 482 715 150 256 500 465 279 186 368 869 1060 792 Legs . | . . . . . . . . . . . . . . . . . . . . . . . . . . Wheels . | . . . . . . . . . . . . . . . . . . . . . . . . . . Hover . | . . . . . . . . . . . . . . . . . . . . . . . . . . Flight . | . . . . . . . . . . . . . . . . . . . . . . . . . . Fastest Speed 50 | 50 160 240 160 160 160 160 160 160 165 165 165 165 166 164 160 160 160 162 158 158 158 150 150 150 50 Average Speed 168 | 146 184 240 160 160 231 160 205 165 165 165 165 165 166 165 162 160 160 162 158 158 158 153 150 153 158 Slowest Speed 243 | 160 240 240 240 240 240 160 242 243 165 165 165 165 166 166 164 160 165 163 163 158 158 160 155 225 241 Overloaded Moves . | . . . . . . . . . . . . . . . . . . . . . . . . . . Propulsion Burnouts . | . . . . . . . . . . . . . . . . . . . . . . . . . . Robots Hopped . | . . . . . . . . . . . . . . . . . . . . . . . . . . Potential Cave-ins 3 | . . . . . . . . . . . . . . . . . . . 3 . . . . . . Cave-ins Triggered 1 | . . . . . . . . . . . . . . . . . 1 . . . . . . . . Exploration Rate (%) 54 | 5 85 98 61 93 37 3 87 30 53 68 85 60 5 58 87 87 43 10 71 48 62 52 37 82 20 Regions Visited 25 Branch Regions 15 Pre-discovered Areas 9 | . . 1 . . . . . . 2 . 2 . . . . . . . 1 . 3 . . . . Known Exits Taken 14 | . . . . . . 1 . 1 1 1 1 1 1 1 1 1 1 1 . . . . 1 1 . Unknown Exits Taken 10 | 1 1 1 1 1 1 . . . . . . . . . . . . . 1 1 1 1 . . . Scrap Searched 10 | . . 1 . . . . . . 1 1 1 1 . . . . . . 2 3 . . . . . Spaces Dug 10 | . . . . . . . . 4 . . . . . . . . 2 . . . . . . 1 3 Terrain Destroyed 586 | . 12 . . . 34 . . 19 . 3 . . . 7 2 2 197 81 81 10 . 15 6 20 97 Melee 4 | . . . . . . . . 4 . . . . . . . . . . . . . . . . . Projectile 115 | . . . . . . . . 6 . 2 . . . 1 2 2 36 15 5 . . 9 6 5 26 AOE 436 | . 12 . . . 34 . . 9 . 1 . . . 6 . . 161 66 76 10 . 6 . 5 50 Terrain Rammed . | . . . . . . . . . . . . . . . . . . . . . . . . . . Walls Destroyed . | . . . . . . . . . . . . . . . . . . . . . . . . . . Machines Disabled . | . . . . . . . . . . . . . . . . . . . . . . . . . . Actions | -11 -10 -10 -9 -9 -8 -7 -7 -6 -6 -6 -6 -5 -5 -5 -5 -5 -5 -4 -4 -4 -4 -3 -3 -3 -2 --------- Run | Yrd Mat Min Mat Sto Mat Fac DSF Fac Low Low Zio Pro Fac Ext Cet Arc Hub Fac Upp Upp Zhi Pro Res Tes Res Total 17749 | 71 831 979 920 884 582 105 189 1939 436 489 1030 444 377 680 918 165 352 649 494 333 207 445 1032 1488 1710 Wait 2045 | . 167 175 88 91 64 . 16 178 42 11 24 1 61 42 145 9 10 47 7 40 . 4 34 199 590 Move 13539 | 59 587 770 702 690 405 99 112 1461 363 453 1001 434 291 481 714 149 255 499 464 278 185 367 868 1059 793 Hop . | . . . . . . . . . . . . . . . . . . . . . . . . . . Pick Up 232 | 6 21 4 17 4 8 2 11 35 3 3 1 3 9 10 8 . 4 19 1 3 2 2 20 23 13 Fast Attach 110 | 6 9 . 5 8 3 . 2 4 2 . . . 1 1 6 1 2 7 2 1 9 3 14 11 13 Attach 128 | . . 4 2 . 5 2 2 32 3 . . . 2 4 1 . 6 13 2 . . 8 4 11 27 Detach 20 | . 1 . . . 1 . 1 3 . . . . . . 2 . . 2 1 . . . 4 2 3 Swap 269 | . 2 1 10 21 18 2 6 45 4 1 3 . 3 20 8 . 20 12 2 4 1 2 18 47 19 Drop 227 | . 9 . 25 17 16 . 14 18 . . 1 3 7 12 16 . 4 6 1 4 10 2 25 24 13 Fire 1011 | . 32 23 69 43 60 . 19 149 16 21 . 3 1 39 18 6 49 33 14 3 . 41 45 111 216 Melee 23 | . . . . 3 . . . 6 . . . . . . . . . 10 . . . . . . 4 Ram 1 | . . . . . . . . . . . . . . . . . 1 . . . . . . . . Kick . | . . . . . . . . . . . . . . . . . . . . . . . . . . Crush 34 | . 3 2 2 5 2 . . 8 3 . . . . 2 . . 1 1 . . . . . 1 4 Escape Stasis 21 | . . . . . . . 6 . . . . . . . . . . . . . . . . . 15 Rewire 89 | . . . . 2 . . . . . . . . 2 69 . . . . . . . 16 . . . Trap . | . . . . . . . . . . . . . . . . . . . . . . . . . . Miscellaneous . | . . . . . . . . . . . . . . . . . . . . . . . . . . Route ------- -11/Scrapyard -10/Materials (discovered 4 exits: *Mat x2 / [*Min x2]) -10/Mines (discovered 2 exits: *Mat x2) -9/Materials (discovered 3 exits: *Mat / [*Min] / *Sto) -9/Storage -8/Materials -7/Factory -7/DSF -6/Factory (discovered 3 exits: *Fac / *Low x2) -6/Lower Caves -6/Lower Caves -6/Zion (discovered 2 exits: Dee / *Pro) -5/Proximity Caves -5/Factory (discovered 5 exits: Fac x3 / *Ext x2) -5/Extension (discovered 2 exits: *Fac / *Cet) -5/Cetus (discovered 3 exits: *Fac x2 / *Arc) -5/Archives (discovered 3 exits: *Fac / *Hub x2) -5/Hub_04(d) (discovered 2 exits: *Fac x2) -4/Factory -4/Upper Caves -4/Upper Caves -4/Zhirov -3/Proximity Caves -3/Research (discovered 4 exits: Res / [*Arm] / *Tes x2) -3/Testing -2/Research History --------- Turn | Location | Event 22 | -11/Scrapyard | Discovered new exit (range 14) 103 | -11/Scrapyard | Entered Materials 313 | -10/Materials | Build established: Mutant 371 | -10/Materials | Discovered new exit (range 15) 763 | -10/Materials | Discovered new exit (range 3) 854 | -10/Materials | Discovered new exit (range 6) 876 | -10/Materials | Discovered new exit (range 5) 1236 | -10/Materials | Repaired Lgt. Treads 1264 | -10/Materials | Repaired Lgt. Treads 1291 | -10/Materials | Repaired EM Pulse Gun 1319 | -10/Materials | Repaired Lgt. Treads 1495 | -10/Materials | Entered Mines 1556 | -10/Mines | Met a Derelict bent on vengeance 1603 | -10/Mines | Discovered new exit (range 9) 1853 | -10/Mines | Lost 3 parts (1p2w) 2066 | -10/Mines | Discovered new exit (range 14) 2239 | -10/Mines | Learned location of Recycling (-9) 3094 | -10/Mines | Assisted by bots powering up and referring to "LRC-V3" 3202 | -10/Mines | Learned Materials terminal intel 3231 | -10/Mines | Excavation squad dispatched 3231 | -10/Mines | A large section of the Mines collapsed 3598 | -10/Mines | Entered Materials 3598 | -9/Materials | Accompanied by 2 allies 3598 | -9/Materials | Evolved 2 slots: Propulsion x1, Weapon x1 3599 | -9/Materials | Loaded intel: 12 terminal locations 3910 | -9/Materials | Build established: Gunner 4379 | -9/Materials | Build established: Scavenger-Gunner 4431 | -9/Materials | Discovered new exit (range 6) 4708 | -9/Materials | Discovered new exit (range 15) 4950 | -9/Materials | Discovered new exit (range 5) 5072 | -9/Materials | Entered Storage 5409 | -9/Storage | Build established: Gunner 5496 | -9/Storage | Assisted by bots powering up and referring to "LRC-V3" 5813 | -9/Storage | Build established: Commander-Gunner 6263 | -9/Storage | Repaired Imp. Treads 6442 | -9/Storage | Discovered new exit (range 16) 6471 | -9/Storage | Entered Materials 6471 | -8/Materials | Accompanied by 3 allies 6471 | -8/Materials | Evolved 2 slots: Utility x2 6767 | -8/Materials | Build established: Gunner 6920 | -8/Materials | Discovered new exit (range 14) 7260 | -8/Materials | Garrison activated, responded to threat 7490 | -8/Materials | Garrison activated, responded to threat 7705 | -8/Materials | Entered Factory 7705 | -7/Factory | Evolved 2 slots: Propulsion x1, Utility x1 7866 | -7/Factory | Identified exit to DSF 7871 | -7/Factory | Entered DSF 7915 | -7/DSF | Additional patrols routed to DSF 8012 | -7/DSF | Build established: Scavenger-Gunner 8025 | -7/DSF | Sterilization system engaged 8045 | -7/DSF | Ambient heat levels rising (+10) 8060 | -7/DSF | Ambient heat levels rising (+10) 8075 | -7/DSF | Ambient heat levels rising (+10) 8090 | -7/DSF | Ambient heat levels rising (+10) 8105 | -7/DSF | Ambient heat levels rising (+10) 8120 | -7/DSF | Ambient heat levels rising (+10) 8135 | -7/DSF | Ambient heat levels rising (+10) 8150 | -7/DSF | Ambient heat levels rising (+10) 8165 | -7/DSF | Ambient heat levels rising (+10) 8171 | -7/DSF | Discovered new exit (range 16) 8180 | -7/DSF | Ambient heat levels rising (+10) 8189 | -7/DSF | Core integrity fell below 50% 8195 | -7/DSF | Ambient heat levels rising (+10) 8207 | -7/DSF | Entered Factory 8207 | -6/Factory | Evolved 2 slots: Power x1, Utility x1 8799 | -6/Factory | Build established: Scavenger-Skirmisher 9115 | -6/Factory | Cargo convoy interrupted 9160 | -6/Factory | Destroyed 10 combat bots 9169 | -6/Factory | Lost 5 parts (2n1u2w) 9609 | -6/Factory | Lost 6 parts (1p2n2u1w) 9896 | -6/Factory | Build established: Scavenger-Gunner 10631 | -6/Factory | Identified exit to Lower Caves 11171 | -6/Factory | Discovered new exit (range 7) 11257 | -6/Factory | Identified exit to Factory 11259 | -6/Factory | Lost 5 parts (1p2n2w) 11357 | -6/Factory | First assault squad dispatched 11358 | -6/Factory | Lost 3 parts (1p1n1u) 11384 | -6/Factory | Entered Lower Caves 11412 | -6/Lower Caves | Lost 3 parts (1p1n1w) 11500 | -6/Lower Caves | Learned location of Extension (-5) 11629 | -6/Lower Caves | Met a Warlord Commander 11630 | -6/Lower Caves | Learned location of Warlord (-5) 11631 | -6/Lower Caves | Warlord Commander delivered Encrypted Comm Array 11634 | -6/Lower Caves | Found Unknown Device 11634 | -6/Lower Caves | Identified Encrypted Comm Array 12005 | -6/Lower Caves | Encountered a Warlord checkpoint 12063 | -6/Lower Caves | Discovered new exit (range 12) 12080 | -6/Lower Caves | Identified exit to Lower Caves 12083 | -6/Lower Caves | Entered another Lower Caves area 12902 | -6/Lower Caves | Discovered new exit (range 8) 12912 | -6/Lower Caves | Identified exit to Zion 12913 | -6/Lower Caves | Entered Zion 12983 | -6/Zion | System corruption cleaned by Quarantine Array 13026 | -6/Zion | System corruption cleaned by Quarantine Array 13043 | -6/Zion | System corruption reached 10% 13055 | -6/Zion | System corruption cleaned by Quarantine Array 13098 | -6/Zion | Given the Hacking Drone Bay 13102 | -6/Zion | Found Prototype Device 13132 | -6/Zion | Discovered new exit (range 10) 13213 | -6/Zion | Gained Derelict followers 13371 | -6/Zion | Given A8's code to call for help 13783 | -6/Zion | Identified exit to Deep Caves 13968 | -6/Zion | Acquired unknown access codes intercepted by a Zionite 13990 | -6/Zion | Identified exit to Proximity Caves 14103 | -6/Zion | Learned location of 1 exit from Factory 14595 | -6/Zion | Entered Proximity Caves 14595 | -5/Proximity Caves | Accompanied by 2 allies 14789 | -5/Proximity Caves | Learned Factory emergency access door positions 14843 | -5/Proximity Caves | Learned 8 Factory zone layouts 14873 | -5/Proximity Caves | Learned 4 Factory zone layouts 15024 | -5/Proximity Caves | Discovered exit to Factory (range 11) 15326 | -5/Proximity Caves | Entered Factory 15326 | -5/Factory | Accompanied by 2 allies 15326 | -5/Factory | Evolved 2 slots: Propulsion x1, Utility x1 15327 | -5/Factory | Identified exit to Extension 15328 | -5/Factory | Identified exit to Factory 15412 | -5/Factory | Joined by Warlord Infantry squad 15685 | -5/Factory | P-70 Sage assimilated allied 5I-MN0(m) 15888 | -5/Factory | Discovered exit to Extension (range 5) 15893 | -5/Factory | Entered Extension 16071 | -5/Extension | Rescued A7 16438 | -5/Extension | Spotted B-75 Beast 16469 | -5/Extension | Destroyed B-75 Beast 16475 | -5/Extension | Spotted B-75 Beast 16490 | -5/Extension | Destroyed B-75 Beast 16513 | -5/Extension | Lost 4 parts (1p1n2w) 16798 | -5/Extension | Discovered new exit (range 16) 16801 | -5/Extension | Discovered exit to Factory (range 15) 16824 | -5/Extension | Identified exit to Cetus 16833 | -5/Extension | Disrupted transfer network 16968 | -5/Extension | Entered Cetus 16968 | -5/Cetus | Accompanied by 3 allies (A7) 16973 | -5/Cetus | Acquired a Cetus Manufacturing Module code from A7 16991 | -5/Cetus | Spotted Cetus Guard 16991 | -5/Cetus | Spotted Cetus Guard 16994 | -5/Cetus | Spotted Cetus Guard 16994 | -5/Cetus | Spotted Cetus Guard 16996 | -5/Cetus | Destroyed Cetus Guard 16998 | -5/Cetus | Allies destroyed Cetus Guard 17001 | -5/Cetus | Destroyed Cetus Guard 17002 | -5/Cetus | Destroyed Cetus Guard 17079 | -5/Cetus | Discovered exit to Factory (range 16) 17418 | -5/Cetus | Started Cetus Manufacturing Module 17443 | -5/Cetus | Manufactured an Enhanced Grunt 17468 | -5/Cetus | Manufactured an Enhanced Grunt 17493 | -5/Cetus | Manufactured an Enhanced Grunt 17518 | -5/Cetus | Manufactured an Enhanced Grunt 17543 | -5/Cetus | Manufactured an Enhanced Grunt 17671 | -5/Cetus | System corruption reached 10% 17718 | -5/Cetus | Security sweep announced 17745 | -5/Cetus | Escorted A7 to Cetus Mainframe 17806 | -5/Cetus | Discovered new exit (range 16) 17829 | -5/Cetus | Identified exit to Archives 17865 | -5/Cetus | Spotted Cetus Guard 17866 | -5/Cetus | Spotted Cetus Guard 17871 | -5/Cetus | Allies destroyed Cetus Guard 17871 | -5/Cetus | Destroyed Cetus Guard 17871 | -5/Cetus | Spotted Cetus Guard 17872 | -5/Cetus | Spotted Cetus Guard 17877 | -5/Cetus | Allies destroyed Cetus Guard 17879 | -5/Cetus | Allies destroyed Cetus Guard 17889 | -5/Cetus | Discovered exit to Factory (range 16) 17898 | -5/Cetus | Met Revision 17 17906 | -5/Cetus | Build established: Scavenger-Tank 18359 | -5/Cetus | Entered Archives 18359 | -5/Archives | Accompanied by 5 allies (A7) 18364 | -5/Archives | Received a hacking code to weaken MAIN.C 18427 | -5/Archives | Discovered exit to Factory (range 16) 18446 | -5/Archives | Discovered new exit (range 16) 18467 | -5/Archives | Discovered new exit (range 13) 18486 | -5/Archives | Identified exit to Hub_04(d) 18594 | -5/Archives | Unable to access archive contents 18628 | -5/Archives | Entered Hub_04(d) 18628 | -5/Hub_04(d) | Accompanied by 4 allies 18686 | -5/Hub_04(d) | Spotted B-75 Beast 18709 | -5/Hub_04(d) | Destroyed B-75 Beast 18723 | -5/Hub_04(d) | Discovered exit to Factory (range 11) 18738 | -5/Hub_04(d) | System corruption reached 30% 18928 | -5/Hub_04(d) | First assault squad dispatched 18970 | -5/Hub_04(d) | Crushed by falling debris 18990 | -5/Hub_04(d) | Garrison activated, responded to threat 19061 | -5/Hub_04(d) | Destroyed 8 combat bots 19114 | -5/Hub_04(d) | Discovered exit to Factory (range 11) 19203 | -5/Hub_04(d) | Network Hub disabled 19216 | -5/Hub_04(d) | Spotted Lightning 19218 | -5/Hub_04(d) | Spotted Lightning 19249 | -5/Hub_04(d) | Entered Factory 19249 | -4/Factory | Evolved 2 slots: Utility x2 19271 | -4/Factory | Lost 5 parts (2n1u2w) 19710 | -4/Factory | Discovered new exit (range 8) 19758 | -4/Factory | Identified exit to Upper Caves 19784 | -4/Factory | Build established: Scavenger-Mutant 19878 | -4/Factory | Lost 3 parts (1n2w) 20128 | -4/Factory | Lost 4 parts (3u1w) 20298 | -4/Factory | Entered Upper Caves 20693 | -4/Upper Caves | Build established: Scavenger-Gunner 20832 | -4/Upper Caves | Learned location of Testing (-3) 20940 | -4/Upper Caves | Learned location of 1 exit from Research 21067 | -4/Upper Caves | Discovered new exit (range 9) 21088 | -4/Upper Caves | Entered another Upper Caves area 21320 | -4/Upper Caves | Learned 8 Research zone layouts 21570 | -4/Upper Caves | Discovered new exit (range 8) 21586 | -4/Upper Caves | Entered Zhirov 21588 | -4/Zhirov | Discovered new exit (range 3) 21616 | -4/Zhirov | Met Zhirov 21661 | -4/Zhirov | Learned location of Quarantine (-2) 21661 | -4/Zhirov | Learned location of Command (-1) 21691 | -4/Zhirov | Zhirov requested help retrieving the SGEMP Prototype 21726 | -4/Zhirov | Found Alien Artifact 21726 | -4/Zhirov | Identified Integrated Dissipator 21726 | -4/Zhirov | Installed Integrated Dissipator, increased core heat dissipation (+20) 21870 | -4/Zhirov | Build established: Scavenger-Mutant 21901 | -4/Zhirov | Entered Proximity Caves 22018 | -3/Proximity Caves | Attracted the attention of an 0b10 checkpoint 22123 | -3/Proximity Caves | Attracted the attention of an 0b10 outpost 22179 | -3/Proximity Caves | Destroyed 7 combat bots 22366 | -3/Proximity Caves | Spotted B-86 Titan 22393 | -3/Proximity Caves | Allies destroyed B-86 Titan 22412 | -3/Proximity Caves | Lost 4 parts (1p1n2w) 22555 | -3/Proximity Caves | Build established: Scavenger-Gunner 22620 | -3/Proximity Caves | Discovered new exit (range 6) 22631 | -3/Proximity Caves | Entered Research 22631 | -3/Research | Accompanied by 1 ally 22631 | -3/Research | Evolved 2 slots: Utility x1, Weapon x1 22632 | -3/Research | Identified exit to Testing 22633 | -3/Research | Identified exit to Research 22790 | -3/Research | Watched by a mysterious "MATRIX" hacker 22854 | -3/Research | Found Prototype Device 22854 | -3/Research | Identified Exp. Focal Shield 22858 | -3/Research | Revision forces began assault on 0b10 22860 | -3/Research | Met up with Revision 17++ 22867 | -3/Research | Found Prototype Hackware 22867 | -3/Research | Identified Exp. Hacking Suite 23076 | -3/Research | Discovered new exit (range 12) 23210 | -3/Research | Build established: Scavenger-Tank 23233 | -3/Research | Enhanced Grunt warped into view, answering call for help 23243 | -3/Research | Enhanced Grunt warped into view, answering call for help 23260 | -3/Research | Spotted B-86 Titan 23317 | -3/Research | Joined by Warlord Ranger squad 23358 | -3/Research | Research terminal network offline 23784 | -3/Research | Spotted B-86 Titan 24005 | -3/Research | Found Unknown Launcher 24006 | -3/Research | Identified Gamma Bomb Array 24048 | -3/Research | Found Prototype Device 24048 | -3/Research | Identified Exp. EM Disruption Field 24211 | -3/Research | Spotted Striker 24211 | -3/Research | Entered Testing 24211 | -3/Testing | Accompanied by 2 allies 24377 | -3/Testing | Found Prototype Device 24377 | -3/Testing | Identified Exp. Thermal Shield 24462 | -3/Testing | Found Prototype Energy Gun 24462 | -3/Testing | Identified Warp Gun 24499 | -3/Testing | Spotted Striker 24505 | -3/Testing | Spotted Striker 24509 | -3/Testing | Spotted Alpha 7 24518 | -3/Testing | Destroyed Striker 24528 | -3/Testing | Destroyed Striker 24571 | -3/Testing | Destroyed Alpha 7 24578 | -3/Testing | Found Prototype Device 24578 | -3/Testing | Identified Exp. ECM Suite 24726 | -3/Testing | Stole the SGEMP Prototype 24772 | -3/Testing | Found Prototype Processor 24772 | -3/Testing | Identified Exp. Targeting Computer 25155 | -3/Testing | Found Prototype Device 25155 | -3/Testing | Identified Adv. EM Shield 25226 | -3/Testing | Scanned by Researcher 25242 | -3/Testing | Found Prototype Protection 25270 | -3/Testing | Identified Med. Regenerative Plating 25331 | -3/Testing | Lost 4 parts (1p1n1u1w) 25370 | -3/Testing | Found Prototype Protection 25443 | -3/Testing | Found Prototype Ballistic Gun 25443 | -3/Testing | Identified Hyp. Multirail 25562 | -3/Testing | Found Prototype Protection 25600 | -3/Testing | Lost 4 parts (1p1n2w) 25860 | -3/Testing | Found Prototype Processor 25860 | -3/Testing | Identified Exp. Terrain Scan Processor 26225 | -3/Testing | Discovered exit to Research (range 16) 26311 | -3/Testing | Found Prototype Energy Cannon 26311 | -3/Testing | Identified Potential Cannon 26514 | -3/Testing | Entered Research 26514 | -2/Research | Evolved 2 slots: Power x1, Utility x1 26620 | -2/Research | Identified exit to DSF 26718 | -2/Research | Repaired Adv. Heavy Treads 26815 | -2/Research | Repaired Broken Particle Reactor 27235 | -2/Research | Found Prototype Processor 27235 | -2/Research | Identified Spectral Analyzer 27388 | -2/Research | Repaired Broken Adv. Heat Sink 27764 | -2/Research | First assault squad dispatched 27883 | -2/Research | Build established: Scavenger-Gunner 28031 | -2/Research | Destroyed 18 combat bots 28393 | -2/Research | Destroyed 9 combat bots 28463 | -2/Research | Specialist reinforcements revealed to be Infiltrators 28709 | -2/Research | High security lockdown imminent 28758 | -2/Research | System corruption reached 10% 28789 | -2/Research | High security lockdown engaged 28816 | -2/Research | Found Exp. Thermal Shield 29016 | -2/Research | Spotted Executioner 29016 | -2/Research | Spotted Striker 29026 | -2/Research | Spotted Striker 29037 | -2/Research | Destroyed Executioner 29041 | -2/Research | Destroyed Striker 29051 | -2/Research | Destroyed Striker 29092 | -2/Research | Spotted Striker 29102 | -2/Research | Spotted Investigator 29112 | -2/Research | System corruption reached 30% 29120 | -2/Research | Spotted Striker 29120 | -2/Research | Spotted Striker 29127 | -2/Research | Destroyed Striker 29130 | -2/Research | Identified SHELL Armor 29138 | -2/Research | Core integrity fell below 50% 29148 | -2/Research | Destroyed 22 combat bots 29156 | -2/Research | Core integrity fell below 20% 29158 | -2/Research | Destroyed by H-88 Terminator with KE Penetrator Last Messages --------------- 29153_ Slug penetrates Striker. 29153_ Penetrated by Slug. 29154_ C-45 Heavy ARC bursts open, deploying its payload. 29154_ G-73 Enforcer unfolds itself. 29154_ L-61 Swordsman unfolds itself. 29154_ G-73 Enforcer unfolds itself. 29154_ E-15 Imp unfolds itself. 29154_ Segregator destroyed. 29154_ Held in stasis. 29154_ Investigator is analyzing... 29156_ C-45 Heavy ARC bursts open, deploying its payload. 29156_ P-80 Master unfolds itself. 29156_ H-88 Terminator unfolds itself. 29156_ I-47 Archangel unfolds itself. 29156_ P-80 Master resets Striker, system corruption cleaned. 29157_ Penetrated by Slug. [Achievement: Tester] Map ----- +----------------------------------------------------+ | ????????## *[[=#! ! ##???#=#??????????????????? | | ????????#" %%#%= ##???"=#??????????????????? | | ????????##!= =# #????#!#??????????????????? | | ?????????#!= !#*!= #????#!#??????????????????? | | ?????????# #%|!!#????#%#??????????????????? | | ?????????# * +% !######%#######????????????? | | ?????????# #% ! # /![!%= #????????????? | | ?????????# #/% # !![![= #????????????? | | ????????###########%% = =%=%= #????????????? | | ??????? [% [= ==!* #????????????? | | ??????? % ]==[%= %%= #????????????? | | ??????? " [%!% = #????????????? | | ?????? % "% |% ==[ ^ #????????????? | | ???????#####"#### /=ph #????????????? | | ??????????? ? ; % #????????????? | | ??????????? ? ; =% h #????????????? | | ???????????""" ? | #????????????? | | ???????????""" # g = #????????????? | | ??????????"""" # gl=g/#############????????????? | | ???????# """" ; #???????????????????????? | | ???????# % g #???????????????????????? | | ????????? |m #???????????????????????? | | ??????????######; !% %![#???????????????????????? | | ????????# / g!*g####### #?????????????? | | ????????# % ghKKp%[ #?????????????? | | ????????# !ie=l@*% #?????????????? | | ????????# =c=##=!##;# #?????????????? | | ????????#+###+###;#; =![#?## #???????????????????? | | ??????????????? "####???? #??????????????????? | | ????????????? A ##???????? #?????????????????? | | ??????????? """ ?????????????????????????????? | | ?????????? """ ?????????????????????????????? | | ??????????? = """ ?????????????????????????????? | | ?????????? ?? ?????????????????????????????? | | ?????????? ??? ?????????????????????????????? | | ????????????????"" ?????????????????????????????? | | ????????????????"" ?????????????????????????????? | | ?????????????????" ??????????????????????????????? | | ?????????????????? ??????????????????????????????? | | ?????????????????????????????????????????????????? | | ?????????????????????????????????????????????????? | | ?????????????????????????????????????????????????? | | ?????????????????????????????????????????????????? | | ?????????????????????????????????????????????????? | | ?????????????????????????????????????????????????? | | ?????????????????????????????????????????????????? | | ?????????????????????????????????????????????????? | | ?????????????????????????????????????????????????? | | ?????????????????????????????????????????????????? | | ?????????????????????????????????????????????????? | +----------------------------------------------------+ Best States ------------- Heat Dissipation 176 Coolant Potential 100 Energy Generation 63 Energy Capacity 900 Matter Stores 300 Matter Capacity 300 Sight Range 20 Robot Scan Range 18 Terrain Scan Density 10 ECM Strength 2 Jamming Range 12 EM Shielding 3 Armor Coverage 900 Resistance: KI 30 Resistance: TH 30 Resistance: EM 50 Core Shielding 40 Phase Shifting 15 Evasion (%) 55 Targeting Accuracy 12 Target Analysis 8 Core Analysis 6 Recoil Reduction 5 Matter Filtering 50 Offensive Hacking 16 Item Schematics ----------------- Hcp. Storage Unit | -10/Materials | Hacked Med. Armor Plating | -9/Materials | Scanalyzed Gauss Rifle | -9/Storage | Hacked Imp. Treads | -9/Storage | Hacked Beamcaster | -6/Zion | Free Assault Drone Bay | -4/Zhirov | Free Exp. Heat Sink | -4/Zhirov | Free Exp. Optical Array | -4/Zhirov | Free Imp. Arc Thrower | -4/Zhirov | Free Cld. Nuclear Pulse Thruster | -3/Testing | Archive Imp. Matter Compressor | -3/Testing | Archive Lgt. Regenerative Plating | -3/Testing | Hacked Cld. Field Propulsion Drive | -3/Testing | Archive Adv. Thermal Defense Suite | -3/Testing | Archive Exp. Hacking Suite | -3/Testing | Archive Helical Railgun | -3/Testing | Archive Robot Schematics ------------------ A-02 Transporter | -3/Testing | Archive E-15 Imp | -3/Testing | Archive Fabricated ------------ Nothing Repaired ---------- Lgt. Treads | 25% | -10/Materials Lgt. Treads | 37% | -10/Materials EM Pulse Gun | 2% | -10/Materials Lgt. Treads | 62% | -10/Materials Imp. Treads | 46% | -9/Storage Adv. Heavy Treads | 8% | -2/Research Particle Reactor | 36% | -2/Research | Broken Adv. Heat Sink | 80% | -2/Research | Broken Studied --------- Hvy. Assault Rifle | -9/Materials | Hacked Particle Gun | -9/Materials | Hacked EMP Blaster | -8/Materials | Hacked Gauss Rifle | -6/Factory | Hacked Alien Tech Used ----------------- Integrated Dissipator Achievements -------------- Can't Touch This Killing Spree Out Of My Way Revolutionary Research Tester Challenges ------------ None Game ------ Seed ArmageddonZipAirjet Manual? 0 Play Time 04:58:15 Cumulative 104.1 hours Start 2026.07.30 @ 01:02:26 End 2026.07.30 @ 06:18:00 Sessions 1 Manual Loads 0 Difficulty Rogue Special Mode None Game No. 61 Rogue 61 Adventurer 0 Explorer 0 Win Type - Total 1 Types 1/0/0/0/0/0/0/0/0/0 Lore% 60 Gallery% 50 Achievement% 48 Wizard Run 0 Options --------- Layout 1 ASCII 0 Keyboard 1 Movement Arrows Keybinds 0 Fullscreen 1 Font 24/Smallcaps Map View 50x35 Zoom Use 0% Tactical HUD 1 Map Filters NONE Filters NONE Steam 1 RUN: 56cd71c3-f717-4e4d-9c29-ff37ce21bcf4